 Dungeon Sprint DCSS version 0.26-a0-652-gafc20e3620 (webtiles) character file.

Game seed: 7003037676286995404

473 rocky1 the Zephyrmancer (level 7, 0/36 HPs)
             Began as a Tengu Air Elementalist on Oct 4, 2020.
             Was an Elder of Sif Muna.
             Slain by a bog body (10 damage)
             ... in the Dungeon (Sprint VII: "The Pits").
             The game lasted 00:05:41 (539 turns).

rocky1 the Zephyrmancer (Tengu Air Elementalist)     Turns: 539, Time: 00:05:41

Health: 0/36       AC:  2    Str:  9    XL:     7   Next: 10%
Magic:  14/17      EV: 16    Int: 17    God:    Sif Muna [****..]
Gold:   0          SH:  0    Dex: 14    Spells: 3/18 levels left

rFire    . . .     SeeInvis .   m - +1 long sword (holy)
rCold    . . .     Faith    .   (no shield)
rNeg     . . .     Spirit   .   a - +0 robe
rPois    .         Reflect  .   (helmet restricted)
rElec    .         Harm     .   (no cloak)
rCorr    .         Rampage  .   (no gloves)
MR       .....     NoTele   +   (boots unavailable)
Stlth    ++........             (no amulet)
HPRegen  0.12/turn              (no ring)
MPRegen  0.15/turn              (no ring)

@: no status effects
A: beak, talons 3, able to fly
a: Fly, Channel Magic, Forget Spell, Divine Exegesis, Renounce Religion


You were in the Dungeon.
You worshipped Sif Muna.
Sif Muna was greatly pleased with you.
You visited 1 branch

Inventory:

Hand Weapons
 l - a +2 falchion
 m - a +1 long sword of holy wrath (weapon)
Armour
 a - a +0 robe (worn)
 n - a +3 ring mail
Scrolls
 h - a scroll of blinking
 i - 3 scrolls of remove curse
 j - 5 scrolls of amnesia
 k - a scroll of summoning
Potions
 b - 2 potions of invisibility
 c - 6 potions of curing
 d - 4 potions of heal wounds
 e - a potion of haste
 f - 4 potions of magic
 g - 3 potions of berserk rage


   Skills:
 + Level 6.0 Long Blades
 + Level 6.5 Dodging
 - Level 2.0 Stealth
 + Level 6.1 Spellcasting
 + Level 8.2 Conjurations
 + Level 9.1 Air Magic
 + Level 5.0 Invocations


You had 3 spell levels left.
You knew the following spells:

 Your Spells              Type           Power        Failure   Level
a - Shock                 Conj/Air       ####         1%          1
b - Swiftness             Air            #####...     1%          2
c - Static Discharge      Conj/Air       ####....     1%          3
d - Airstrike             Air            #####.....   3%          4
e - Lightning Bolt        Conj/Air       ####......   10%         5

Your spell library contained the following spells:

 Spells                   Type           Power        Failure   Level


Dungeon Overview and Level Annotations

Branches:
Dungeon (1/1)

Altars:
Ashenzari
Cheibriados
Dithmenos
Elyvilon
Fedhas
Gozag
Hepliaklqana
Kikubaaqudgha
Makhleb
Nemelex Xobeh
Okawaru
Qazlal
Ru
Sif Muna
Trog
Uskayaw
Vehumet
Wu Jian
Xom
Yredelemnul
Zin
The Shining One
Beogh
Jiyva
Lugonu


Innate Abilities, Weirdness & Mutations

You have a beak for a mouth.
You have claws for feet.
You can fly continuously.


Message History

The giant cockroach bites you.
You hit the giant cockroach. You claw the giant cockroach.
You kill the giant cockroach!
Sif Muna accepts your kill.
You see here a giant cockroach corpse.
You start resting.
HP restored.
As you open the door, it creaks loudly!
A bog body comes into view.
Casting: Static Discharge (safe; 1% risk of failure)
Confirm with . or Enter, or press ? or * to list all spells.
The bog body is struck by an arc of lightning!
The bog body is moderately damaged.
You are struck by an arc of lightning.
The lightning grounds out.
The bog body hits you!!
Ouch! That really hurt!
The bog body touches you.
* * * LOW HITPOINT WARNING * * *
The bog body freezes you!
You die...

#)#).......##.......#
#'###########.......#
#.......# #########
#..#.#..# #.##.##.#
#.......#+#
#.##.##.#.+
#..#.#..#n#
#.......'@#
###########


You could see a bog body.

Vanquished Creatures
  A floating eye (D)
  A necrophage (D)
  A wolf (D)
  A big kobold (D)
  A gnoll sergeant (D)
  4 gnolls (D)
  3 river rats (D)
  A bat skeleton (D)
  A giant cockroach (D)
  A quokka (D)
  2 ball pythons (D)
  A goblin (D)
  A rat (D)
19 creatures vanquished.

Notes
Turn   | Place    | Note
-------+----------+-------------------------------------------
     0 | D        | rocky1 the Tengu Air Elementalist began the quest for the
                  | Orb.
     0 | D        | Reached XP level 1. HP: 10/10 MP: 4/4
    18 | D        | Reached skill level 5 in Air Magic
    18 | D        | Reached XP level 2. HP: 9/15 MP: 0/6
    26 | D        | Found a bloodstained altar of Trog.
    26 | D        | Found a shimmering blue altar of Sif Muna.
    26 | D        | Found a viscous altar of Jiyva.
    26 | D        | Found a hazy altar of Hepliaklqana.
    26 | D        | Found an opulent altar of Gozag.
    49 | D        | Found a glowing golden altar of the Shining One.
    49 | D        | Found a glowing silver altar of Zin.
    49 | D        | Found a basalt altar of Yredelemnul.
    49 | D        | Found a shimmering altar of Xom.
    49 | D        | Found an ornate altar of the Wu Jian Council.
    49 | D        | Found a sacrificial altar of Ru.
    49 | D        | Found a stormy altar of Qazlal.
    49 | D        | Found an iron altar of Okawaru.
    49 | D        | Found a sparkling altar of Nemelex Xobeh.
    49 | D        | Found a burning altar of Makhleb.
    49 | D        | Found a blossoming altar of Fedhas.
    49 | D        | Found a white marble altar of Elyvilon.
    49 | D        | Found a shadowy altar of Dithmenos.
    49 | D        | Found a snail-covered altar of Cheibriados.
    51 | D        | Found a radiant altar of Vehumet.
    51 | D        | Found a corrupted altar of Lugonu.
    51 | D        | Found a roughly hewn altar of Beogh.
    52 | D        | Found a hide-covered altar of Uskayaw.
    52 | D        | Found an ancient bone altar of Kikubaaqudgha.
    52 | D        | Found a broken altar of Ashenzari.
    54 | D        | Became a worshipper of Sif Muna the Loreminder
   130 | D        | Learned a level 2 spell: Swiftness
   134 | D        | Noticed a floating eye
   145 | D        | Reached skill level 1 in Long Blades
   148 | D        | Killed a floating eye
   148 | D        | Reached skill level 5 in Conjurations
   148 | D        | Reached skill level 6 in Air Magic
   148 | D        | Reached XP level 3. HP: 18/19 MP: 2/9
   148 | D        | Reached XP level 4. HP: 22/24 MP: 2/11
   148 | D        | Gained mutation: You can fly continuously. [Tengu growth]
   148 | D        | Reached XP level 5. HP: 26/28 MP: 2/12
   228 | D        | Learned a level 3 spell: Static Discharge
   233 | D        | Learned a level 4 spell: Airstrike
   240 | D        | Reached * piety under Sif Muna
   269 | D        | Reached ** piety under Sif Muna
   357 | D        | Noticed a wolf
   363 | D        | Noticed a big kobold
   370 | D        | Killed a wolf
   370 | D        | Reached skill level 5 in Dodging
   370 | D        | Reached skill level 5 in Spellcasting
   370 | D        | Reached skill level 7 in Air Magic
   371 | D        | Reached *** piety under Sif Muna
   371 | D        | Reached XP level 6. HP: 16/32 MP: 2/14
   374 | D        | Reached skill level 5 in Long Blades
   374 | D        | Reached skill level 8 in Air Magic
   380 | D        | Noticed a necrophage
   388 | D        | Killed a necrophage
   388 | D        | Reached **** piety under Sif Muna
   395 | D        | Reached skill level 9 in Air Magic
   395 | D        | Reached XP level 7. HP: 29/36 MP: 0/17
   399 | D        | Reached skill level 5 in Invocations
   526 | D        | Learned a level 5 spell: Lightning Bolt
   538 | D        | Noticed a bog body
   539 | D        | Slain by a bog body

Illustrated notes

Levels and vault maps discovered:
D:        pitsprint [storerooms_1, entrance_room_1, metal_vault_4, armoury_1,
          mini_pit_1, grid_room_1, main_hall_1, silver_pit, the_coven_1,
          the_vestibule_1, steel_vault_4, golden_pit, hallway_of_sentries,
          crystal_vault_2, iron_vault_2, final_vault]

Skill      XL: |  1  2  3  4  5  6  7 |
---------------+----------------------+-----
Conjurations   | 3 5 6 8 |  8.2
Air Magic      | 5 6 7 9 |  9.1
Long Blades    | 3 4 6 |  6.0
Spellcasting   | 4 5 6 |  6.1
Dodging        | 4 5 6 |  6.5
Invocations    | 2 3 4 5 |  5.0
Stealth        | |  2.0

Action                   |  1- 3 |  4- 6 |  7- 9 || total
-------------------------+-------+-------+-------++-------
Melee: Unarmed           |     3 |       |       ||     3
       Falchion          |     5 |     1 |       ||     6
       Kick              |     2 |     5 |     5 ||    12
       Peck              |     1 |     4 |       ||     5
       Long sword        |       |    16 |     7 ||    23
 Cast: Shock             |     7 |     7 |       ||    14
       Swiftness         |     1 |       |       ||     1
       Static Discharge  |       |     7 |     1 ||     8
  Use: Potion            |       |     2 |       ||     2
 Stab: Sleeping          |       |       |     1 ||     1
Armor: Robe              |     1 |     4 |     1 ||     6
Dodge: Dodged            |     3 |    16 |     2 ||    21
       Rpst.: Falchion   |     1 |       |       ||     1
       Long sword        |       |     5 |       ||     5

Table legend: (Time is in decaauts)
 A = Elapsed time spent in this place.
 B = Non-inter-level travel time spent in this place.
 C = Inter-level travel time spent in this place.
 D = Time resting spent in this place.
 E = Time spent auto-exploring this place.
 F = Levels seen in this place.
 G = Mean time per level.
                   A        B        C        D        E       F      G
               +--------+--------+--------+--------+--------+-----+--------+
         Total |    542 |    542 |      0 |    293 |      0 |   1 |  542.0 |
       Dungeon |    542 |    542 |      0 |    293 |      0 |   1 |  542.0 |
               +--------+--------+--------+--------+--------+-----+--------+

Top non-repeatable levels by time:
       D: 542 daAuts
